 Dungeon Crawl Stone Soup version 0.28.0-43-g3370ac3207 (webtiles) character file.

Game seed: 13036342021929624907

2 crimpus the Magician (level 1, 0/9 HPs)
             Began as a Spriggan Transmuter on Mar 13, 2022.
             Slain by a goblin
             ... wielding a +0 club
              (4 damage)
             ... on level 1 of the Dungeon.
             The game lasted 00:00:32 (49 turns).

crimpus the Magician (Spriggan Transmuter)            Turns: 49, Time: 00:00:32

Health: 0/9        AC:  2    Str:  6    XL:     1   Next: 25%
Magic:  4/5        EV: 17    Int: 14    God:
Gold:   4          SH:  0    Dex: 15    Spells: 4/5 levels left

rFire   . . .      SeeInvis +     - Unarmed
rCold   . . .      Faith    .   (no shield)
rNeg    . . .      Spirit   .   a - +0 robe
rPois   .          Reflect  .   (helmet currently unavailable)
rElec   .          Harm     .   (no cloak)
rCorr   .          Rampage  .   (gloves unavailable)
Will    .....                   (boots unavailable)
Stlth   +.........              (no amulet)
HPRegen 0.03/turn               (no ring)
MPRegen 0.09/turn               (no ring)

@: appendages (expiring), very quick
A: horns 2, talons 2, very small, no large weapons, unfitting armour, see
invisible, speed 3
a: End Transformation


You were on level 1 of the Dungeon.
You had temporarily grown beastly horns and talons.
You visited 1 branch of the dungeon, and saw 1 of its levels.

You collected 4 gold pieces.

Inventory:

Armour
 a - a +0 robe (worn)


   Skills:
 + Level 0.7 Fighting
 + Level 2.6 Dodging
 + Level 2.4 Unarmed Combat
 + Level 2.9 Spellcasting
 + Level 2.6 Transmutations


You had 4 spell levels left.
You knew the following spells:

 Your Spells              Type           Power      Damage    Failure   Level
a - Beastly Appendage     Tmut           18%        N/A       7%          1

Your spell library contained the following spells:

 Spells                   Type           Power      Damage    Failure   Level
 Wereblood                Tmut           9%         N/A       11%         2
 Spider Form              Tmut/Pois      5%         N/A       36%         3
 Ice Form                 Ice/Tmut       5%         N/A       77%         4


Dungeon Overview and Level Annotations

Branches:
Dungeon (1/15)

Altars:


Innate Abilities, Weirdness & Mutations

You have temporarily grown beastly horns and talons.
You are very small and have problems with some larger weapons.
You are too small for most types of armour.
You have supernaturally acute eyesight. (SInv)
You cover ground extremely quickly. (Speed+++)


Message History

You barely miss the kobold. You claw the kobold.
The kobold is severely wounded.
The kobold hits you with a +0 club.
You hit the kobold but do no damage. Your kick misses the kobold.
The kobold is severely wounded.
You hit the kobold.
You kill the kobold!
The quokka completely misses you.
Things that are here:
a +0 club; a stone; a kobold corpse You closely miss the quokka.
Your kick misses the quokka. The quokka misses you.
You closely miss the quokka. Your kick misses the quokka.
The quokka misses you.
You hit the quokka. You claw the quokka.
The quokka is almost dead.
The quokka bites you but does no damage.
The goblin closely misses you.
You closely miss the quokka. Your headbutt misses the quokka.
The quokka is almost dead.
The quokka bites you. The goblin hits you but does no damage.
You are too injured to fight recklessly!
You are too injured to fight recklessly!
Your horns disappear.
Your talons disappear.
A goblin comes into view. It is wielding a +0 dagger.
Casting: Beastly Appendage (safe; 8% risk of failure)
Confirm with . or Enter, or press ? or * to list all spells.
You grow a pair of large bovine horns.
Your feet morph into talons.
You are too injured to fight recklessly!
You are too injured to fight recklessly!
You are too injured to fight recklessly!
The quokka bites you but does no damage.
You barely miss the quokka. You claw the quokka.
You kill the quokka!
The goblin barely misses you.
You hit the goblin.
The goblin is heavily wounded.
Your transformation is almost over.
The goblin hits you with a +0 club.
You die...

.. #.. ... #.#
.... #.#
....########## #.#
.............# #.#
.............# #g#
.............# #.#
#......).....###.#
#.............##@#
#.............##g#
###+####+#..#....#
#..g..#.#
#!###.#.# ....
..#.# ##########.#
..........#
#.....##..#


You could see 2 goblins.

Vanquished Creatures
  A quokka (D:1)
  A kobold (D:1)
2 creatures vanquished.

Notes
Turn   | Place    | Note
-------+----------+-------------------------------------------
     0 | D:1      | crimpus the Spriggan Transmuter began the quest for the
                  | Orb.
     0 | D:1      | Reached XP level 1. HP: 9/9 MP: 5/5
    49 | D:1      | Slain by a goblin

Illustrated notes

Levels and vault maps discovered:
D:1:      scummos_arrival_simple_crosswalls, layout_basic,
          hellmonk_ecumenical_altar_blasted, minivault_19

Action                   || total
-------------------------++-------
Melee: Unarmed           ||    10
       Kick              ||     3
 Cast: Beastly Appendage ||     2
Armor: Robe              ||     3
Dodge: Dodged            ||     7
